[Event "ICC tourney 2461 (45 10)"]
[Site "Internet Chess Club"]
[Date "2021.03.20"]
[Round "3"]
[White "LIAO, CONNOR:che2468"]
[Black "Kashyap, Manish B:mnm2"]
[Result "0-1"]
[ICCResult "White checkmated"]
[WhiteElo "1508"]
[BlackElo "1547"]
[Opening "Queen's pawn: Chigorin variation"]
[ECO "D00"]
[NIC "QP.08"]
[Time "16:01:36"]
[PlyCount "142"]
[TimeControl "2700+10"]

1. d4 d5 2. Nc3 Nf6 3. Bf4 a6 4. e3 Bf5 5. f3 Nc6 6. g4 Bg6 7. h4 h6 8. Bd3
Bxd3 9. Qxd3 e6 10. Nge2 Bd6 11. O-O-O Qd7 12. g5 Nh5 13. Bxd6 cxd6 14. g6
fxg6 15. Qxg6+ Qf7 16. Qxf7+ Kxf7 17. e4 Ne7 18. Rhg1 Rhf8 19. Ng3 Nxg3 20.
Rxg3 dxe4 21. Nxe4 Nf5 22. Rg4 Ne3 23. Rf4+ Ke7 24. Rxf8 Rxf8 25. Rg1 Rf7
26. c3 b6 27. Kd2 Nf5 28. h5 Nh4 29. Rg3 Nxf3+ 30. Ke3 Nh4 31. Rg4 Nf5+ 32.
Ke2 d5 33. Nf2 Nd6 34. Nd3 Ne8 35. Ne5 Rf5 36. Ng6+ Kf7 37. Ne5+ Kg8 38.
Rh4 Nf6 39. Ng6 Rxh5 40. Rxh5 Nxh5 41. Ne7+ Kf7 42. Nc8 b5 43. Nd6+ Kf6 44.
Ne8+ Kg6 45. Nc7 Kf5 46. Nxa6 g5 47. Nc5 Nf4+ 48. Kf3 g4+ 49. Kf2 h5 50. b3
h4 51. a4 bxa4 52. bxa4 g3+ 53. Kg1 Ne2+ 54. Kg2 Nxc3 55. a5 Kg4 56. Nd3
h3+ 57. Kh1 Kf3 58. a6 g2+ 59. Kh2 Ne2 60. Ne5+ Ke4 61. Kxh3 g1=Q 62. Kh4
Qg3+ 63. Kh5 Nf4+ 64. Kh6 Kxd4 65. Nf3+ Qxf3 66. a7 Qa3 67. a8=Q Qxa8 68.
Kg5 Ke4 69. Kf6 Qf8+ 70. Kg5 Qf5+ 71. Kh6 Qg6# { White checkmated } 0-1

[Event "ICC tourney 2461 (45 10)"]
[Site "Internet Chess Club"]
[Date "2021.03.20"]
[Round "3"]
[White "Qiao, Ethan:CougarForest"]
[Black "BRUDNO, STEPHEN:StevChess01"]
[Result "0-1"]
[ICCResult "White checkmated"]
[WhiteElo "1547"]
[BlackElo "1652"]
[Opening "Sicilian: O'Kelly variation"]
[ECO "B28"]
[NIC "SI.43"]
[Time "16:01:31"]
[PlyCount "104"]
[TimeControl "2700+10"]

1. e4 c5 2. Nf3 a6 3. Nc3 Nc6 4. d4 cxd4 5. Nxd4 e5 6. Nb3 Bb4 7. a3 Bxc3+
8. bxc3 Nf6 9. Bd3 d6 10. O-O Bg4 11. f3 Be6 12. Be3 Qc7 13. f4 Bg4 14. Qd2
Nd7 15. h3 Be6 16. f5 Bxb3 17. cxb3 O-O-O 18. b4 Nf6 19. a4 d5 20. Qe2 Nxe4
21. Bxe4 dxe4 22. b5 Nb8 23. c4 Rd3 24. c5 Rhd8 25. c6 bxc6 26. bxc6 Rc3
27. Rfc1 Rdd3 28. Bd2 Rxc6 29. Rxc6 Nxc6 30. Rc1 Kd7 31. Qg4 Qb6+ 32. Kh2
Kd6 33. Qxg7 Rxd2 34. Qf6+ Kc7 35. Qe7+ Rd7 36. Qxe5+ Kb7 37. Qxe4 Rd4 38.
Qc2 a5 39. f6 h6 40. Qf5 Qc7+ 41. Kh1 Rb4 42. Qc5 Qb6 43. Qf5 Qd4 44. Qc2
Qd5 45. Qe2 Qe4 46. Qd2 Qd4 47. Qxh6 Rxa4 48. Qg7 Ra1 49. Qf8 Rxc1+ 50. Kh2
Qe5+ 51. g3 Rc2+ 52. Kg1 Qe1# { White checkmated } 0-1

[Event "ICC tourney 2461 (45 10)"]
[Site "Internet Chess Club"]
[Date "2021.03.20"]
[Round "3"]
[White "VISHWA, SUSHEEL:sushivishwa"]
[Black "Patel, Arav:APBrain"]
[Result "1/2-1/2"]
[ICCResult "Game drawn by repetition"]
[WhiteElo "1750"]
[BlackElo "1669"]
[Opening "Four knights: Gunsberg variation"]
[ECO "C47"]
[NIC "RG.01"]
[Time "16:01:25"]
[PlyCount "148"]
[TimeControl "2700+10"]

1. e4 e5 2. Nf3 Nf6 3. Nc3 Nc6 4. a3 d5 5. exd5 Nxd5 6. Bb5 Nxc3 7. bxc3
Bd6 8. d4 O-O 9. O-O Bg4 10. Re1 f5 11. Bxc6 bxc6 12. dxe5 Bc5 13. Qe2 Qd5
14. Bf4 Bxf3 15. Qxf3 Qxf3 16. gxf3 Rfe8 17. Be3 Bxe3 18. Rxe3 f4 19. Re4
g5 20. Rd1 Rad8 21. Rd3 Rd5 22. Rxd5 cxd5 23. Ra4 Rxe5 24. Kf1 Re6 25. c4
dxc4 26. Rxa7 Rc6 27. a4 g4 28. Kg2 h5 29. Ra5 Rb6 30. Rc5 Rb4 31. a5 Ra4
32. Rxh5 gxf3+ 33. Kxf3 Ra2 34. Rc5 Rxc2 35. Rxc7 Ra2 36. Rxc4 Rxa5 37.
Rxf4 Kg7 38. Kg4 Kg6 39. h4 Rb5 40. Ra4 Rb6 41. Ra5 Rb4+ 42. f4 Rb6 43. Re5
Ra6 44. f5+ Kf6 45. Re4 Ra1 46. Re6+ Kf7 47. Rg6 Rg1+ 48. Kh5 Rf1 49. Kg5
Rg1+ 50. Kh6 Rf1 51. Rg5 Kf6 52. h5 Rh1 53. Rg2 Kxf5 54. Rg3 Rh4 55. Rg6
Rh2 56. Rb6 Rc2 57. Rb5+ Kf6 58. Rg5 Rc8 59. Rg6+ Kf7 60. Kh7 Rc5 61. h6
Rh5 62. Ra6 Rc5 63. Ra7+ Kf6 64. Ra8 Rc7+ 65. Kh8 Kg6 66. Ra6+ Kf7 67. Ra8
Kg6 68. Ra6+ Kf7 69. Kh7 Rc5 70. Ra7+ Kf6 71. Kg8 Rc8+ 72. Kh7 Rc5 73. Rg7
Rh5 74. Ra7 Rc5 { Game drawn by repetition } 1/2-1/2

[Event "ICC tourney 2461 (45 10)"]
[Site "Internet Chess Club"]
[Date "2021.03.20"]
[Round "3"]
[White "LIAO, CAITLIN:che8642"]
[Black "Kashyap, Mahati B:mnm1"]
[Result "1/2-1/2"]
[ICCResult "Game drawn by mutual agreement"]
[WhiteElo "1566"]
[BlackElo "1515"]
[Opening "Queen's pawn game"]
[ECO "D00"]
[NIC "QP.07"]
[Time "16:01:46"]
[PlyCount "118"]
[TimeControl "2700+10"]

1. d4 Nf6 2. Nc3 d5 3. Bf4 Bf5 4. f3 c6 5. g4 Bg6 6. h4 h6 7. e3 Nbd7 8.
Bd3 Bxd3 9. Qxd3 e6 10. Nge2 Be7 11. a3 Qb6 12. O-O-O Qa5 13. Kb1 Rc8 14.
Nc1 b5 15. Nb3 Qa6 16. a4 Qb6 17. axb5 cxb5 18. Qxb5 Qxb5 19. Nxb5 a6 20.
Nc7+ Kd8 21. Nxa6 Rc6 22. Nb8 Rb6 23. Nxd7 Kxd7 24. Kc1 Rc8 25. Kd2 Bb4+
26. Kd3 Rbc6 27. c3 Bd6 28. Bxd6 Kxd6 29. Nc5 Nd7 30. Nxd7 Kxd7 31. Ra1
R6c7 32. Rhc1 Rb8 33. b4 g6 34. Ra5 Rxb4 35. Raa1 Rb2 36. Rc2 Rb5 37. Rac1
Rb3 38. e4 Ra7 39. f4 Kd6 40. e5+ Kd7 41. Rf1 Ke7 42. f5 gxf5 43. gxf5 exf5
44. Rxf5 Rc7 45. Rf6 Rb1 46. Rxh6 Rh1 47. Ke3 Rc8 48. Kf4 Rf1+ 49. Kg3 Rg8+
50. Kh2 Rf3 51. Rd6 Rgg3 52. Rxd5 Rh3+ 53. Kg1 Rfg3+ 54. Rg2 Rxc3 55. Rc5
Rxc5 56. dxc5 Rxh4 57. Rc2 Kd7 58. c6+ Kc7 59. Kg2 Re4 { Game drawn by
mutual agreement } 1/2-1/2

[Event "ICC tourney 2461 (45 10)"]
[Site "Internet Chess Club"]
[Date "2021.03.20"]
[Round "4"]
[White "TREUSDELL, ROSS G:IveDoneEnough"]
[Black "CHANDRANI, SHLOK JAYESH:jack2212"]
[Result "1-0"]
[ICCResult "Black resigns"]
[WhiteElo "1564"]
[BlackElo "1650"]
[Opening "Caro-Kann: two knights, 3...Bg4"]
[ECO "B11"]
[NIC "CK.01"]
[Time "18:32:03"]
[PlyCount "61"]
[TimeControl "2700+10"]

1. e4 c6 2. Nc3 d5 3. Nf3 Bg4 4. h3 Bxf3 5. Qxf3 e6 6. d3 Nf6 7. g3 Nbd7 8.
Bg2 Bb4 9. Bd2 d4 10. Nb1 Bd6 11. O-O Qb6 12. b3 Qc7 13. Qe2 e5 14. f4
O-O-O 15. c3 Bc5 16. Kh1 dxc3 17. Nxc3 Rhe8 18. Rac1 Kb8 19. Na4 Bd6 20. b4
Ka8 21. b5 c5 22. fxe5 Bxe5 23. Bf4 b6 24. d4 Bxf4 25. e5+ Kb8 26. Qf3 Kc8
27. gxf4 Ng8 28. d5 Qb7 29. Qg4 Kb8 30. d6 Qc8 31. Qf3 { Black resigns }
1-0

[Event "ICC tourney 2461 (45 10)"]
[Site "Internet Chess Club"]
[Date "2021.03.20"]
[Round "4"]
[White "WU, JONATHAN ZUANXU:wulovechess"]
[Black "PHADKE, VIRAJ SHARAD:virajphadke"]
[Result "0-1"]
[ICCResult "White resigns"]
[WhiteElo "1542"]
[BlackElo "1666"]
[Opening "Two knights defense"]
[ECO "C55"]
[NIC "KP.02"]
[Time "18:32:21"]
[PlyCount "56"]
[TimeControl "2700+10"]

1. e4 e5 2. Nf3 Nc6 3. Bc4 Nf6 4. d4 exd4 5. O-O d5 6. exd5 Na5 7. Re1+ Be7
8. Bd3 O-O 9. Bd2 b6 10. Nxd4 Bc5 11. Nb3 Nxb3 12. cxb3 Ng4 13. Be3 Qh4 14.
h3 Nxf2 15. Bxf2 Bxf2+ 16. Kf1 Bxe1 17. Qxe1 Qf4+ 18. Qf2 Qxf2+ 19. Kxf2
Bb7 20. Nc3 Rad8 21. Rd1 Rfe8 22. Nb5 Re7 23. a4 g6 24. Be2 Rxd5 25. Rc1
Rd2 26. Nc3 Ba6 27. Rd1 Rexe2+ 28. Nxe2 Rxd1 { White resigns } 0-1

[Event "ICC tourney 2461 (45 10)"]
[Site "Internet Chess Club"]
[Date "2021.03.20"]
[Round "4"]
[White "BRUDNO, STEPHEN:StevChess01"]
[Black "ZHANG, FRED:Fredzhang"]
[Result "1-0"]
[ICCResult "Black checkmated"]
[WhiteElo "1652"]
[BlackElo "1508"]
[Opening "QGD: Marshall defense"]
[ECO "D06"]
[NIC "QP.08"]
[Time "18:32:08"]
[PlyCount "103"]
[TimeControl "2700+10"]

1. d4 d5 2. c4 Nf6 3. cxd5 Nxd5 4. e4 Nb6 5. Nc3 e5 6. d5 c6 7. Be3 cxd5 8.
exd5 Bf5 9. Bb5+ N8d7 10. Qf3 Bg6 11. Nge2 a6 12. Bxb6 Qxb6 13. Bxd7+ Kxd7
14. O-O Bd6 15. Ne4 h6 16. N2c3 f5 17. Nxd6 Qxd6 18. Rac1 Rac8 19. Qd1 b5
20. a3 Rhd8 21. Qd2 f4 22. f3 Qb6+ 23. Kh1 Ke7 24. Rfe1 Qd6 25. Qxf4 Bf7
26. Rxe5+ Kf8 27. Qe3 Re8 28. Re1 Rxe5 29. Qxe5 Qxe5 30. Rxe5 Re8 31. f4
Rxe5 32. fxe5 Ke7 33. Kg1 a5 34. b4 axb4 35. axb4 Be8 36. Kf2 g5 37. Kf3 h5
38. g3 Bd7 39. Ke3 Be8 40. Kd4 Bd7 41. Kc5 h4 42. gxh4 gxh4 43. Nxb5 Bxb5
44. Kxb5 Kd7 45. Kc5 Ke7 46. b5 Kd7 47. b6 h3 48. e6+ Ke7 49. Kc6 Kd8 50.
d6 Kc8 51. e7 Kb8 52. e8=Q# { Black checkmated } 1-0

[Event "ICC tourney 2461 (45 10)"]
[Site "Internet Chess Club"]
[Date "2021.03.20"]
[Round "4"]
[White "ZHANG, SUNNY:AboardBuffalo"]
[Black "VALE CRUZ, ARMIN:trucker"]
[Result "0-1"]
[ICCResult "White resigns"]
[WhiteElo "1650"]
[BlackElo "1643"]
[Opening "Ruy Lopez: classical defense, Benelux variation"]
[ECO "C65"]
[NIC "RL.07"]
[Time "18:32:42"]
[PlyCount "62"]
[TimeControl "2700+10"]

1. e4 e5 2. Nf3 Nc6 3. Bb5 Nf6 4. O-O Bc5 5. c3 O-O 6. d4 Bb6 7. Bg5 h6 8.
Bh4 d6 9. Bxc6 bxc6 10. dxe5 g5 11. exf6 gxh4 12. Nxh4 Qxf6 13. Qh5 Ba6 14.
Nf5 Kh7 15. Re1 Rg8 16. Nd2 Rg5 17. Qf3 Rag8 18. Ng3 Qg6 19. Kh1 Bc8 20.
Nc4 Bg4 21. Qf4 Be6 22. Nxb6 axb6 23. e5 Rf5 24. Qd4 c5 25. Qe4 Rxf2 26.
Qxg6+ Rxg6 27. b3 Bd5 28. exd6 Rxg2 29. c4 Bc6 30. Ne4 cxd6 31. Re3 f5 {
White resigns } 0-1

[Event "ICC tourney 2461 (45 10)"]
[Site "Internet Chess Club"]
[Date "2021.03.20"]
[Round "4"]
[White "Kumar, Agrim:agrimjax1"]
[Black "XIONG, LANG:langlglang"]
[Result "1-0"]
[ICCResult "Black resigns"]
[WhiteElo "1509"]
[BlackElo "1641"]
[Opening "Caro-Kann: classical variation"]
[ECO "B18"]
[NIC "CK.10"]
[Time "18:32:02"]
[PlyCount "95"]
[TimeControl "2700+10"]

1. e4 c6 2. d4 d5 3. Nc3 dxe4 4. Nxe4 Bf5 5. Ng3 Bg6 6. Nf3 Nf6 7. h4 h6 8.
h5 Bh7 9. Bd3 Bxd3 10. Qxd3 e6 11. Bd2 Nbd7 12. O-O-O Bd6 13. Nf1 Ng4 14.
Qe2 Qb6 15. Ne3 Nxe3 16. Bxe3 Qc7 17. Nd2 Nf6 18. Nc4 Bf4 19. Kb1 O-O-O 20.
c3 Nd5 21. Bxf4 Qxf4 22. Qf3 Qxf3 23. gxf3 g6 24. Ne5 Rhf8 25. hxg6 fxg6
26. Rxh6 Ne7 27. Rg1 Kb8 28. Kc2 c5 29. Rh7 Nf5 30. Nd7+ Rxd7 31. Rxd7 cxd4
32. cxd4 Kc8 33. Rh7 Nxd4+ 34. Kb1 Rf6 35. Rc1+ Nc6 36. Rc3 g5 37. Rg7 Rf5
38. Kc1 Kd8 39. Rxb7 Nd4 40. Rd3 e5 41. Rxa7 Ke8 42. Ra5 Nxf3 43. Kd1 Ke7
44. Ke2 Nh4 45. Rb3 Ng6 46. Rb7+ Kd6 47. Rb6+ Kc7 48. Rxg6 { Black resigns
} 1-0

[Event "ICC tourney 2461 (45 10)"]
[Site "Internet Chess Club"]
[Date "2021.03.20"]
[Round "4"]
[White "Patel, Arav:APBrain"]
[Black "HEBBAR, ESHAAN:solveur"]
[Result "0-1"]
[ICCResult "White checkmated"]
[WhiteElo "1669"]
[BlackElo "1611"]
[Opening "Queen's pawn: London system"]
[ECO "A45"]
[NIC "QP.07"]
[Time "18:32:00"]
[PlyCount "132"]
[TimeControl "2700+10"]

1. d4 Nf6 2. Bf4 d6 3. e3 c6 4. Bd3 g6 5. Nf3 Bg7 6. c4 Nbd7 7. Nc3 O-O 8.
h4 Qe8 9. h5 e5 10. dxe5 dxe5 11. Bg3 Nxh5 12. Ng5 h6 13. Rxh5 gxh5 14. Nh7
f5 15. Nxf8 Nxf8 16. Qc2 e4 17. Be2 Bf6 18. O-O-O h4 19. Bf4 Kh7 20. g4 Be6
21. gxf5 Bxf5 22. Rd6 Qe7 23. f3 Bg5 24. Rd1 Bxf4 25. exf4 Qc7 26. Qd2 exf3
27. Bxf3 Ng6 28. Ne2 Re8 29. Nd4 Qf7 30. Nxf5 Qxf5 31. Qd7+ Qxd7 32. Rxd7+
Re7 33. Rxe7+ Nxe7 34. Kd2 Kg6 35. Bg4 b6 36. b4 Kf6 37. Ke3 Nf5+ 38. Ke4
Nd6+ 39. Kd3 c5 40. a3 Kg6 41. b5 Kf6 42. a4 Ke7 43. Kc3 Ne4+ 44. Kc2 Nf2
45. Bf3 h3 46. Kd2 h2 47. Ke2 h1=Q 48. Bxh1 Nxh1 49. Kf3 Kf6 50. Kg2 Kf5
51. Kxh1 Kxf4 52. Kg2 Ke3 53. Kh3 Kd4 54. a5 bxa5 55. Kh4 Kxc4 56. Kh5 Kxb5
57. Kxh6 c4 58. Kg5 c3 59. Kf4 c2 60. Ke3 c1=Q+ 61. Kd3 a4 62. Ke2 Qc3 63.
Kd1 Qb2 64. Ke1 a3 65. Kd1 a2 66. Ke1 a1=Q# { White checkmated } 0-1

[Event "ICC tourney 2461 (45 10)"]
[Site "Internet Chess Club"]
[Date "2021.03.20"]
[Round "4"]
[White "Gong, Andrew:TheDude865"]
[Black "LIAO, CAITLIN:che8642"]
[Result "1-0"]
[ICCResult "Black checkmated"]
[WhiteElo "1506"]
[BlackElo "1566"]
[Opening "Sicilian"]
[ECO "B56"]
[NIC "SI.25"]
[Time "18:32:05"]
[PlyCount "77"]
[TimeControl "2700+10"]

1. e4 c5 2. Nf3 d6 3. d4 cxd4 4. Nxd4 Nf6 5. Nc3 Nc6 6. f3 e6 7. Be3 Be7 8.
Qd2 a6 9. Be2 Nxd4 10. Bxd4 b5 11. a3 Bb7 12. g4 O-O 13. O-O-O Qa5 14. Qe3
Nd7 15. h4 b4 16. axb4 Qxb4 17. Qd2 Rab8 18. Na2 Qxd2+ 19. Rxd2 d5 20. exd5
Bxd5 21. Nc3 Bc6 22. g5 a5 23. Rhd1 Nb6 24. Be5 Ra8 25. Bd6 Nd5 26. Nxd5
Bxd6 27. Nf6+ gxf6 28. Rxd6 Bd5 29. gxf6 Kh8 30. Rg1 Rg8 31. Rxg8+ Rxg8 32.
c4 Rc8 33. Kd2 Bc6 34. c5 h6 35. Ba6 Rb8 36. Rxc6 Rxb2+ 37. Kc3 Rf2 38.
Rc8+ Kh7 39. Bd3# { Black checkmated } 1-0

[Event "ICC tourney 2461 (45 10)"]
[Site "Internet Chess Club"]
[Date "2021.03.20"]
[Round "4"]
[White "AYYAPPAN, SANTHOSH:SanthoshA"]
[Black "Kashyap, Manish B:mnm2"]
[Result "0-1"]
[ICCResult "White resigns"]
[WhiteElo "1661"]
[BlackElo "1547"]
[Opening "Sicilian"]
[ECO "B56"]
[NIC "SI.25"]
[Time "18:32:11"]
[PlyCount "99"]
[TimeControl "2700+10"]

1. e4 c5 2. Nf3 d6 3. d4 cxd4 4. Nxd4 Nf6 5. Nc3 Nc6 6. f3 e5 7. Nb3 Be7 8.
Be3 Be6 9. Bd3 O-O 10. O-O Nb4 11. a3 Nxd3 12. cxd3 d5 13. Bf2 d4 14. Ne2
Qb6 15. Nec1 Rac8 16. f4 exf4 17. Bxd4 Rxc1 18. Rxc1 Bxb3 19. Bxb6 Bxd1 20.
Rcxd1 axb6 21. Rxf4 Bd6 22. Rf5 Ng4 23. Rh5 Rd8 24. d4 Be5 25. d5 Bxb2 26.
a4 Ba3 27. Rd2 Bc5+ 28. Kf1 Ne3+ 29. Ke2 Nxg2 30. Kf3 Ne3 31. d6 Nc4 32.
Rc2 Nxd6 33. Rd5 f6 34. Rcd2 Kf7 35. e5 fxe5 36. Rxe5 Rf8 37. Red5 Ke6+ 38.
Kg2 Nc4 39. R2d3 Ne3+ 40. Rxe3+ Kxd5 41. Rg3 Rf2+ 42. Kh3 Rxh2+ 43. Kxh2
Bd6 44. Kg2 Bxg3 45. Kxg3 Kc4 46. Kf4 Kb4 47. Ke4 Kxa4 48. Kd4 h5 49. Ke4
b5 50. Kf5 { White resigns } 0-1

[Event "ICC tourney 2461 (45 10)"]
[Site "Internet Chess Club"]
[Date "2021.03.20"]
[Round "4"]
[White "Lu, Samuel:chess-soccer"]
[Black "Qiao, Ethan:CougarForest"]
[Result "1-0"]
[ICCResult "Black resigns"]
[WhiteElo "1615"]
[BlackElo "1547"]
[Opening "Queen's pawn: London system"]
[ECO "A45"]
[NIC "QP.07"]
[Time "18:33:16"]
[PlyCount "75"]
[TimeControl "2700+10"]

1. d4 Nf6 2. Bf4 c5 3. dxc5 Na6 4. e3 g6 5. Nc3 Nxc5 6. h3 Bg7 7. Nf3 O-O
8. Bc4 a6 9. a3 b5 10. Ba2 Nfe4 11. Nxe4 Nxe4 12. Bd5 Bxb2 13. Bxe4 Bxa1
14. Bxa8 Qa5+ 15. Ke2 Bg7 16. Qd3 d6 17. Bd5 Bf5 18. e4 Be6 19. Bxe6 fxe6
20. Bd2 Qc7 21. Qb3 Qd7 22. Rc1 d5 23. exd5 exd5 24. Bb4 Qe6+ 25. Kf1 Bh6
26. Re1 Qf5 27. Rxe7 Rc8 28. Nd4 Qf6 29. Qxd5+ Kh8 30. Qd7 Rf8 31. Rxh7+
Kg8 32. Bxf8 Qxf8 33. Re7 Qf6 34. Re8+ Bf8 35. Ne6 Qa1+ 36. Ke2 Qe5+ 37.
Kd2 Qf5 38. Rxf8+ { Black resigns } 1-0

[Event "ICC tourney 2461 (45 10)"]
[Site "Internet Chess Club"]
[Date "2021.03.20"]
[Round "4"]
[White "NGUYEN, THOMAS:tn285"]
[Black "TREY, JUSTIN:Torsten936"]
[Result "1-0"]
[ICCResult "Black checkmated"]
[WhiteElo "1582"]
[BlackElo "1652"]
[Opening "French: Rubinstein variation"]
[ECO "C10"]
[NIC "FR.07"]
[Time "18:32:02"]
[PlyCount "79"]
[TimeControl "2700+10"]

1. e4 e6 2. d4 d5 3. Nc3 dxe4 4. Nxe4 Nd7 5. Nf3 Ngf6 6. Bd3 Nxe4 7. Bxe4
Nf6 8. Bd3 c5 9. dxc5 Bxc5 10. O-O O-O 11. Qe2 b6 12. Rd1 Qc7 13. Be3 Bb7
14. Bxc5 Qxc5 15. Rd2 Rfe8 16. Ne5 Rad8 17. Rad1 Rd5 18. Nf3 e5 19. c4 Rxd3
20. Rxd3 Bxf3 21. gxf3 Qxc4 22. b3 Qa6 23. Qc2 g6 24. Rd8 Rxd8 25. Rxd8+
Kg7 26. a4 Qa5 27. Qd2 Qc5 28. Qe3 Qc7 29. Rd1 Nh5 30. Rd5 f6 31. Qd2 Qc6
32. Rd7+ Kf8 33. Rxh7 Ke8 34. Qh6 Qc2 35. Rh8+ Kd7 36. Qh7+ Ke6 37. Re8+
Kf5 38. Qd7+ Kg5 39. h4+ Kh6 40. Rh8# { Black checkmated } 1-0

[Event "ICC tourney 2461 (45 10)"]
[Site "Internet Chess Club"]
[Date "2021.03.20"]
[Round "4"]
[White "Kashyap, Mahati B:mnm1"]
[Black "ZHANG, RAYMOND TANGNING:DankMemer"]
[Result "0-1"]
[ICCResult "White resigns"]
[WhiteElo "1515"]
[BlackElo "1654"]
[Opening "French: Tarrasch, open variation"]
[ECO "C07"]
[NIC "FR.18"]
[Time "18:32:02"]
[PlyCount "168"]
[TimeControl "2700+10"]

1. e4 e6 2. d4 d5 3. Nd2 c5 4. c3 cxd4 5. cxd4 dxe4 6. Nxe4 Nc6 7. Nf3 Be7
8. Bb5 Bd7 9. O-O Nf6 10. Re1 O-O 11. Bf4 Nxe4 12. Rxe4 a6 13. Bd3 Nb4 14.
Bb1 Nd5 15. Bg3 Nf6 16. Re1 Re8 17. Ne5 h6 18. Qf3 Qb6 19. Qd3 Bb5 20. Qf3
Qxd4 21. Qxb7 Qxb2 22. a4 Qb4 23. Bc2 Bd7 24. Qf3 Qc5 25. Be4 Nxe4 26. Nxd7
Qa7 27. Ne5 Nf6 28. Rab1 Rab8 29. Rxb8 Qxb8 30. Nc6 Qb7 31. Rc1 Qb2 32. Rd1
Qc2 33. h3 Qxa4 34. Nxe7+ Rxe7 35. Be5 Nd7 36. Bd6 Re8 37. Qd3 Nf6 38. Be5
Nd5 39. Ra1 Qb5 40. Qg3 f6 41. Qg6 fxe5 42. Ra3 Nf4 43. Qg4 Qb1+ 44. Kh2
Qg6 45. Rxa6 Qxg4 46. hxg4 Kf7 47. g3 Ng6 48. Ra7+ Re7 49. Ra6 Rb7 50. Kg2
Rb4 51. Ra7+ Kf6 52. Kf3 Nh8 53. Rc7 Nf7 54. Rd7 Ng5+ 55. Ke3 Rxg4 56. Rc7
Ra4 57. Rb7 Ra3+ 58. Ke2 Ne4 59. Rb4 Nxg3+ 60. fxg3 Rxg3 61. Kf2 Ra3 62.
Rh4 Kg5 63. Rb4 h5 64. Kg2 g6 65. Re4 Kf5 66. Rh4 Rb3 67. Kf2 Kg5 68. Re4
h4 69. Kg2 Kh5 70. Rxe5+ g5 71. Rxe6 h3+ 72. Kh2 Kh4 73. Rg6 g4 74. Rf6 g3+
75. Kg1 Rb1+ 76. Rf1 Rxf1+ 77. Kxf1 h2 78. Kg2 Kg4 79. Kh1 Kf4 80. Kg2
h1=Q+ 81. Kxh1 Kf3 82. Kg1 g2 83. Kh2 Kf2 84. Kh3 g1=Q { White resigns }
0-1

[Event "ICC tourney 2461 (45 10)"]
[Site "Internet Chess Club"]
[Date "2021.03.20"]
[Round "4"]
[White "THOMAS, MICHAEL G:chesslin"]
[Black "WU, JAYDEN:SparkyNinja"]
[Result "1/2-1/2"]
[ICCResult "Game drawn by mutual agreement"]
[WhiteElo "1790"]
[BlackElo "1679"]
[Opening "Queen's pawn: London system"]
[ECO "A45"]
[NIC "QP.07"]
[Time "18:32:26"]
[PlyCount "94"]
[TimeControl "2700+10"]

1. d4 Nf6 2. Bf4 e6 3. e3 d5 4. Nd2 Bd6 5. Bg3 b6 6. Bd3 Bb7 7. Ngf3 O-O 8.
Ne5 c5 9. c3 Qc7 10. Qe2 Nbd7 11. f4 Ne4 12. O-O-O Nxd2 13. Rxd2 c4 14. Bc2
b5 15. Nxd7 Qxd7 16. Be1 b4 17. cxb4 Bxb4 18. Rd1 a5 19. g4 Rfc8 20. Bc3
Qb5 21. g5 a4 22. a3 Ba5 23. Qd2 Bc6 24. Rdg1 Bxc3 25. Qxc3 Rcb8 26. Rg3
Rb7 27. Rhg1 Kh8 28. R1g2 Qa5 29. Qxa5 Rxa5 30. Rh3 g6 31. Rhg3 Kg7 32. h4
Ra8 33. h5 Rh8 34. h6+ Kf8 35. Bd1 Ke7 36. Rc2 Rhb8 37. Rgg2 Kd6 38. Rc3
Be8 39. Rd2 Bc6 40. Rf2 Bd7 41. Re2 Bc6 42. Rd2 Bd7 43. Re2 Bc6 44. Rd2 Bd7
45. Rf2 Bc6 46. Rd2 Bd7 47. Rf2 Bc6 { Game drawn by mutual agreement }
1/2-1/2

[Event "ICC tourney 2461 (45 10)"]
[Site "Internet Chess Club"]
[Date "2021.03.20"]
[Round "4"]
[White "WANG, JESSICA:crazyhorse9"]
[Black "VISHWA, SUSHEEL:sushivishwa"]
[Result "0-1"]
[ICCResult "White checkmated"]
[WhiteElo "1503"]
[BlackElo "1750"]
[Opening "Giuoco Piano"]
[ECO "C54"]
[NIC "IG.02"]
[Time "18:32:56"]
[PlyCount "126"]
[TimeControl "2700+10"]

1. e4 e5 2. Nf3 Nc6 3. Bc4 Bc5 4. c3 Nf6 5. d3 d6 6. Nbd2 a6 7. Bb3 h6 8.
O-O g5 9. Nc4 Bg4 10. Ne3 Qd7 11. Nxg4 Nxg4 12. Bc2 O-O-O 13. b4 Bb6 14. a4
Ne7 15. b5 a5 16. Bd2 f5 17. c4 fxe4 18. dxe4 Rdf8 19. Qe1 Kb8 20. Bxa5
Bxf2+ 21. Rxf2 Nxf2 22. Qxf2 g4 23. Bd1 Ng6 24. Qe3 gxf3 25. Bxf3 Nh4 26.
Be2 Rhg8 27. Bf1 Qg4 28. Ra2 Qh5 29. h3 Nf3+ 30. Kh1 Nd4 31. Bd3 Qd1+ 32.
Kh2 h5 33. Be1 Qb3 34. Qd2 Ne6 35. Rb2 Qa3 36. Ra2 Qc5 37. Bf2 Nd4 38. a5
Rg6 39. Bf1 Rgf6 40. Qe1 Rf4 41. b6 Qc6 42. Bd3 cxb6 43. axb6 Qxb6 44. Bg3
R4f7 45. Qa1 Kc7 46. Rb2 Qa6 47. Qd1 Qa3 48. Qb1 Qa6 49. c5 Qc6 50. cxd6+
Kc8 51. Rb6 Qc3 52. Be1 Qc5 53. Rb4 Qxd6 54. Rc4+ Nc6 55. Bb4 Qh6 56. Bxf8
Qf4+ 57. Kh1 Rxf8 58. Ra4 Kc7 59. Bb5 Nd4 60. Rc4+ Kb8 61. Qb4 Qf1+ 62. Kh2
Nf3+ 63. Kg3 Rg8# { White checkmated } 0-1

[Event "ICC tourney 2461 (45 10)"]
[Site "Internet Chess Club"]
[Date "2021.03.20"]
[Round "5"]
[White "ZHANG, RAYMOND TANGNING:DankMemer"]
[Black "ZHANG, SUNNY:AboardBuffalo"]
[Result "1-0"]
[ICCResult "Black resigns"]
[WhiteElo "1654"]
[BlackElo "1650"]
[Opening "King's Indian: London system"]
[ECO "A45"]
[NIC "QP.03"]
[Time "21:01:24"]
[PlyCount "79"]
[TimeControl "2700+10"]

1. d4 Nf6 2. Bf4 g6 3. Nf3 Bg7 4. e3 d5 5. Be2 Bf5 6. c4 c6 7. Qb3 Qd7 8.
Nc3 b6 9. cxd5 Nxd5 10. Nxd5 cxd5 11. Bxb8 O-O 12. Be5 f6 13. Bg3 Rfc8 14.
O-O Bc2 15. Qb5 Qb7 16. Bd1 a6 17. Qe2 Bf5 18. Bb3 Bd7 19. e4 e6 20. exd5
exd5 21. Qd2 Re8 22. Rfe1 Bf5 23. Rxe8+ Rxe8 24. Re1 Be4 25. h3 Qd7 26. Nh2
Rc8 27. Rxe4 f5 28. Re1 Kh8 29. Be5 Rd8 30. Bxg7+ Qxg7 31. Qe3 Kg8 32. Qe5
Qb7 33. Qe7 Rd7 34. Bxd5+ Qxd5 35. Qe6+ Qxe6 36. Rxe6 Rxd4 37. Rxb6 Rd1+
38. Nf1 Rb1 39. b3 a5 40. Ra6 { Black resigns } 1-0

[Event "ICC tourney 2461 (45 10)"]
[Site "Internet Chess Club"]
[Date "2021.03.20"]
[Round "5"]
[White "TREUSDELL, ROSS G:IveDoneEnough"]
[Black "BRUDNO, STEPHEN:StevChess01"]
[Result "1-0"]
[ICCResult "Black resigns"]
[WhiteElo "1564"]
[BlackElo "1652"]
[Opening "Sicilian: O'Kelly variation"]
[ECO "B28"]
[NIC "SI.43"]
[Time "21:01:28"]
[PlyCount "147"]
[TimeControl "2700+10"]

1. e4 c5 2. Nf3 a6 3. d4 cxd4 4. Nxd4 Nf6 5. Nc3 e5 6. Nb3 Bb4 7. Bd2 d6 8.
Bd3 Bg4 9. f3 Be6 10. a3 Bxc3 11. Bxc3 Nc6 12. Qe2 Qb6 13. Qf2 Qxf2+ 14.
Kxf2 Bxb3 15. cxb3 O-O 16. Rhd1 Rfd8 17. Bc4 b5 18. Bd5 Nxd5 19. Rxd5 Ne7
20. Rd2 f6 21. Bb4 Nc8 22. Rad1 Ra7 23. Bxd6 Rad7 24. Bb4 Rxd2+ 25. Rxd2
Rxd2+ 26. Bxd2 Ne7 27. g4 Nc6 28. h4 Nd4 29. b4 Kf7 30. g5 Ke6 31. h5 Kf7
32. Be3 Ne6 33. gxf6 gxf6 34. Kg3 Kg7 35. f4 exf4+ 36. Bxf4 Nd4 37. Be3 Nc6
38. Kg4 Kf7 39. Kf5 Ne7+ 40. Kf4 Ke6 41. Bd4 Nc6 42. Bc3 Ne7 43. Ke3 f5 44.
Kf4 fxe4 45. Kxe4 Nf5 46. Kf4 Ne7 47. Kg5 Kf7 48. Bh8 Nd5 49. Kf5 Ne3+ 50.
Ke5 Nc4+ 51. Kd5 Ke7 52. Kc6 Ke6 53. Kb7 Kd5 54. Bc3 Nd6+ 55. Kxa6 Kc4 56.
Kb6 Ne4 57. Kc6 Ng3 58. h6 Nf5 59. Bg7 Ne3 60. a4 bxa4 61. b5 Nd5 62. b6
Nb4+ 63. Kd7 Kb5 64. b7 Nc6 65. Kc7 Kc5 66. b8=Q Nxb8 67. Kxb8 Kc6 68. Kc8
Kd6 69. Kd8 Ke6 70. Ke8 Kf5 71. Kf8 Kg5 72. Kg8 Kg6 73. Kh8 Kf7 74. Kxh7 {
Black resigns } 1-0